 Dungeon Crawl Stone Soup version 0.26-a0-752-gcff87cac9a (webtiles) character file.

Game seed: 12414560488437400249

410 polio18 the Cudgeler (level 6, -1/39 HPs)
             Began as a Gargoyle Monk on Nov 6, 2020.
             Was a Believer of Ashenzari.
             Slain by an iguana (7 damage)
             ... on level 4 of the Dungeon.
             The game lasted 00:11:41 (3547 turns).

polio18 the Cudgeler (Gargoyle Monk)                Turns: 3547, Time: 00:11:41

Health: -1/39      AC: 13    Str: 17    XL:     6   Next: 89%
Magic:  6/6        EV: 10    Int: 10    God:    Ashenzari [**....]
Gold:   154        SH:  0    Dex: 12    Spells: 5/5 levels left

rFire    . . .     SeeInvis .   a - +1 mace
rCold    + . .     Faith    .   (no shield)
rNeg     + . .     Spirit   .   p - +2 scale mail {rC+}
rPois    ∞         Reflect  .   (no helmet)
rElec    +         Harm     .   (no cloak)
rCorr    .         Rampage  .   (no gloves)
MR       .....                  (no boots)
Stlth    +.........             (no amulet)
HPRegen  0.13/turn              (no ring)
MPRegen  0.10/turn              (no ring)

@: no status effects
A: negative energy resistance 1, electricity resistance, unbreathing,
petrification resistance, rot immunity, AC +4
a: Curse Item, Scrying, Renounce Religion


You were on level 4 of the Dungeon.
You worshipped Ashenzari.
Ashenzari was pleased with you.
You visited 1 branch of the dungeon, and saw 4 of its levels.

You collected 154 gold pieces.

Inventory:

Hand Weapons
 a - a +1 mace (weapon)
Missiles
 h - 6 boomerangs (quivered)
Armour
 p - a +2 scale mail of cold resistance (worn)
Scrolls
 b - 7 scrolls of identify
 c - a scroll of amnesia
 d - a scroll of fog
 e - a scroll of enchant weapon
 f - a scroll of remove curse
 g - a scroll of magic mapping
Potions
 i - a potion of mutation {unknown}
 j - 2 potions of attraction
 k - a potion of lignification {unknown}
 o - a potion of degeneration {unknown}


   Skills:
 + Level 4.4 Fighting
 + Level 5.4 Maces & Flails
 + Level 3.8 Armour
 + Level 2.9 Dodging
 + Level 2.2 Stealth


You had 5 spell levels left.
You didn't know any spells.
Your spell library contained the following spells:

 Spells                   Type           Power        Failure   Level
 Animate Skeleton         Necr           #.....       77%         1
 Apportation              Tloc           #.....       77%         1
 Corona                   Hex            #......      77%         1
 Summon Small Mammal      Summ           #...         77%         1


Dungeon Overview and Level Annotations

Branches:
Dungeon (4/15)
 Temple: D:4-7

Altars:
Ashenzari
Xom


Innate Abilities, Weirdness & Mutations

You are resistant to torment.
Your stone body is resilient. (AC +4)
You are immune to poison.
You resist negative energy. (rN+)
You are resistant to electric shocks. (rElec)
You can survive without breathing.
You are immune to petrification.
You are immune to rotting.


Message History

The howler monkey hoots and howls with incredible vigour!
The iguana barely misses you. The howler monkey hits you.
You sock the howler monkey!
You kill the howler monkey!
The iguana closely misses you. The iguana closely misses you.
Things that are here:
a howler monkey corpse; a hound corpse The iguana barely misses you.
You thump the iguana!
The iguana is heavily wounded.
The iguana closely misses you.
You barely miss the iguana.
The iguana is heavily wounded.
The iguana bites you!
* * * LOW HITPOINT WARNING * * *
You barely miss the iguana.
The iguana is heavily wounded.
The iguana bites you!
You die...

.....## .....## #....#
#...###### #
##....#..#########
#.#..........≈≈≈....
##.##.#..#..#+###'###
####...#l##....# ###
#$...$.@†.##...#####
.####...####........#
..# ##.##.#..#......#
#... #.#....#########
...## ##.#+##
#..###.....#
#...#......############
#.#........##..........
#..........##..........


You could see an iguana.

Vanquished Creatures
  A howler monkey (D:4)
  A jelly (D:4)
  2 hounds (D:4)
  Ijyb (D:3)
  Natasha (thrice) (D:3)
  A worker ant (D:4)
  A hound skeleton (D:4)
  7 adders
  2 worms (D:3)
  5 dart slugs
  A leopard gecko (D:4)
  4 orcs
  A ball python (D:4)
  6 bats
  4 giant cockroaches
  A goblin (D:2)
  7 hobgoblins
  7 jackals (D:3)
  9 kobolds
  3 frilled lizards
  8 rats
75 creatures vanquished.

Notes
Turn   | Place    | Note
-------+----------+-------------------------------------------
     0 | D:1      | polio18 the Gargoyle Monk began the quest for the Orb.
     0 | D:1      | Reached XP level 1. HP: 14/14 MP: 1/1
   259 | D:1      | Reached XP level 2. HP: 19/19 MP: 2/2
   696 | D:1      | Reached skill level 1 in Armour
   859 | D:2      | Reached XP level 3. HP: 24/24 MP: 3/3
  1280 | D:2      | Found a shimmering altar of Xom.
  1285 | D:2      | Reached XP level 4. HP: 29/29 MP: 4/4
  1686 | D:3      | Reached skill level 4 in Maces & Flails
  1689 | D:3      | Noticed Natasha
  1698 | D:3      | Killed Natasha
  2149 | D:3      | Reached XP level 5. HP: 33/33 MP: 5/5
  2291 | D:3      | Noticed Natasha
  2306 | D:3      | Killed Natasha
  2535 | D:3      | Noticed Natasha
  2546 | D:3      | Killed Natasha
  2887 | D:3      | Noticed Ijyb
  2939 | D:3      | Killed Ijyb
  2939 | D:3      | Reached skill level 5 in Maces & Flails
  3062 | D:4      | Reached XP level 6. HP: 33/38 MP: 6/6
  3452 | D:4      | Found a broken altar of Ashenzari.
  3463 | D:4      | Became a worshipper of Ashenzari the Shackled
  3463 | D:4      | Reached * piety under Ashenzari
  3463 | D:4      | Reached ** piety under Ashenzari
  3547 | D:4      | Slain by an iguana

Illustrated notes

Levels and vault maps discovered:
D:1:      psy_arrival_dodecagon, layout_basic
D:2:      layout_basic, nicolae_overflow_hidden_temple,
          kennysheep_generic_room_15
D:3:      layout_basic, uniq_ijyb, uniq_natasha
D:4:      layout_basic, lemuel_crystal_altar, lemuel_round_altar,
          lemuel_zombie_altar_yredelemnul, corexii_corridor_pit, hex_large,
          minivault_14, minmay_fractal_squares_gapless_5

Skill      XL: |  1  2  3  4  5  6 |
---------------+-------------------+-----
Armour         | 1 2 3 |  3.8
Maces & Flails | 4 5 |  5.4
Fighting       | 4 |  4.4
Dodging        | |  2.9
Stealth        | |  2.2

Action                   |  1- 3 |  4- 6 || total
-------------------------+-------+-------++-------
Melee: Mace              |    96 |   222 ||   318
  Use: Scroll            |       |     9 ||     9
Armor: Robe              |    11 |       ||    11
       Scale mail        |    37 |   120 ||   157
Dodge: Dodged            |    68 |   113 ||   181

Table legend: (Time is in decaauts)
 A = Elapsed time spent in this place.
 B = Non-inter-level travel time spent in this place.
 C = Inter-level travel time spent in this place.
 D = Time resting spent in this place.
 E = Time spent auto-exploring this place.
 F = Levels seen in this place.
 G = Mean time per level.
                   A        B        C        D        E       F      G
               +--------+--------+--------+--------+--------+-----+--------+
         Total |   3610 |   3582 |     28 |   1085 |   1678 |   4 |  902.5 |
       Dungeon |   3610 |   3582 |     28 |   1085 |   1678 |   4 |  902.5 |
               +--------+--------+--------+--------+--------+-----+--------+

Top non-repeatable levels by time:
     D:3: 1425 daAuts
     D:1: 853 daAuts
     D:2: 831 daAuts
     D:4: 499 daAuts
